 Dungeon Crawl Stone Soup version 0.25.1-2-g60ff931df9 (webtiles) character file.

Game seed: 14566423304088743513

1687 Eitelfritz the Slasher (level 9, -4/75 HPs)
             Began as a Hill Orc Fighter on Sept 17, 2020.
             Killed by divine providence
             ... invoked by an orc priest
              (16 damage)
             ... on level 6 of the Dungeon.
             The game lasted 00:18:34 (6749 turns).

Eitelfritz the Slasher (Hill Orc Fighter)           Turns: 6749, Time: 00:18:35

Health: -4/75      AC: 12    Str: 20    XL:     9   Next: 2%
Magic:  9/9        EV:  6    Int: 10    God:
Gold:   227        SH: 10    Dex: 10    Spells: 8/8 levels left

rFire    . . .     SeeInvis .   a - +1 long sword
rCold    . . .     Gourm    .   c - +1 kite shield
rNeg     . . .     Faith    .   e - +0 chain mail
rPois    .         Spirit   .   k - +2 helmet
rElec    .         Reflect  .   (no cloak)
rCorr    +         Harm     .   (no gloves)
MR       .....                  (no boots)
Stlth    ..........             (no amulet)
HPRegen  0.22/turn              w - ring of resist corrosion
MPRegen  0.11/turn              (no ring)

@: heavily drained
A: no striking features
a: Convert to Beogh


You were on level 6 of the Dungeon.
You were not hungry.

You visited 2 branches of the dungeon, and saw 7 of its levels.

You collected 227 gold pieces.

Inventory:

Hand Weapons
 a - a +1 long sword (weapon)
 x - a +5 great sword
Missiles
 d - 2 boomerangs
 g - 35 bolts
 h - 121 stones
 j - a throwing net
 r - a javelin (quivered)
Armour
 c - a +1 kite shield (worn)
 e - a +0 chain mail (worn)
 k - a +2 helmet (worn)
Jewellery
 v - an uncursed ring of fire
 w - a ring of resist corrosion (left hand)
Scrolls
 l - 3 scrolls of amnesia
 n - a scroll of magic mapping {unknown}
 p - a scroll of holy word {unknown}
 s - 2 scrolls of teleportation
 y - a scroll of identify
 A - a scroll of fear {unknown}
Potions
 b - a potion of magic
 i - a potion of stabbing
 m - 3 potions of cancellation
 o - a potion of resistance
 q - a potion of ambrosia
 t - a potion of haste {unknown}
 u - 3 potions of flight
 z - a potion of curing
Comestibles
 f - 8 rations


   Skills:
 + Level 6.2(4.7) Fighting
 + Level 7.3(5.7) Long Blades
 + Level 0.2(0.0) Throwing
 + Level 6.3(4.8) Armour
 + Level 2.4(1.1) Dodging
 + Level 1.5(0.2) Stealth
 + Level 6.3(4.8) Shields


You had 8 spell levels left.
You didn't know any spells.
Your spell library was empty.

Dungeon Overview and Level Annotations

Branches:
Dungeon (6/15)             Temple (1/1) D:4

Altars:
Ashenzari
Cheibriados
Elyvilon
Gozag
Hepliaklqana
Kikubaaqudgha
Nemelex Xobeh
Okawaru
Qazlal
Ru
Sif Muna
Uskayaw
Vehumet
Wu Jian
Xom
Yredelemnul


Message History

The orc warrior is lightly wounded.
The orc hits you but does no damage. You block the orc warrior's attack.
The orc priest calls down the wrath of Beogh upon you.
Beogh smites you!
* * * LOW HITPOINT WARNING * * *
You closely miss the orc warrior.
The orc warrior is lightly wounded.
You block the orc's attack. The orc warrior barely misses you.
You barely miss the orc warrior.
The orc warrior is lightly wounded.
You block the orc's attack. You block the orc warrior's attack.
You closely miss the orc warrior. The orc hits you but does no damage.
The orc priest calls upon Beogh to heal the orc.
The orc's wounds heal themselves!
You block the orc warrior's attack. The orc hits you but does no damage.
You hit the orc warrior but do no damage.
You block the orc warrior's attack.
The orc priest calls down the wrath of Beogh upon you.
Beogh smites you!
You die...

.................
..............#
..............#
##...
...####.......##
....
...####........#
...
....##......#..##
#..
....รท......###..##


oo# #####......# #...# ..# ###....# ##.@##.# #....# #.ooo.# # #....# #..###.# #
.#>..##.### #.# ## ...#.# .# .# ##.. . ## ## ## You could see an orc warrior, an
orc priest and an orc.

Vanquished Creatures
  Grinder (D:5)
  Duvessa (D:4)
  A water moccasin (D:6)
  2 ogres
  A centaur (D:2)
  A bullfrog (D:6)
  Dowan (D:4)
  A scorpion (D:4)
  3 wights (D:6)
  4 hounds
  2 jellies (D:5)
  A centaur skeleton (D:4)
  2 orc priests
  Natasha (thrice) (D:2)
  6 orc wizards
  2 worker ants (D:5)
  3 gnolls (D:5)
  A howler monkey skeleton (D:5)
  3 adders
  3 oozes
  3 worms
  3 leopard geckos
  16 orcs
  A ball python (D:3)
  8 bats
  3 giant cockroaches (D:1)
  15 goblins
  5 hobgoblins
  7 kobolds
  3 quokkas
  6 frilled lizards
  10 rats
122 creatures vanquished.

Notes
Turn   | Place    | Note
-------+----------+-------------------------------------------
     0 | D:1      | Eitelfritz the Hill Orc Fighter began the quest for the
                  | Orb.
     0 | D:1      | Reached XP level 1. HP: 19/19 MP: 1/1
   229 | D:1      | Reached XP level 2. HP: 27/27 MP: 2/2
   459 | D:1      | Reached XP level 3. HP: 30/33 MP: 3/3
  1094 | D:2      | Noticed Natasha
  1110 | D:2      | Killed Natasha
  1110 | D:2      | Reached skill level 3 in Long Blades
  1110 | D:2      | Reached XP level 4. HP: 32/40 MP: 4/4
  1280 | D:2      | Noticed a centaur
  1286 | D:2      | Killed a centaur
  1286 | D:2      | Reached XP level 5. HP: 29/47 MP: 5/5
  1503 | D:2      | Noticed Natasha
  1511 | D:2      | Killed Natasha
  1706 | D:2      | Noticed Natasha
  1728 | D:2      | Killed Natasha
  1728 | D:2      | Reached skill level 1 in Dodging
  2071 | D:2      | Reached skill level 4 in Long Blades
  2071 | D:2      | Reached XP level 6. HP: 45/53 MP: 6/6
  3606 | D:4      | Found a staircase to the Ecumenical Temple.
  3627 | D:4      | Reached skill level 5 in Armour
  3648 | Temple   | Entered the Ecumenical Temple
  3832 | D:4      | Noticed Duvessa
  3833 | D:4      | Noticed Dowan
  3862 | D:4      | Killed Duvessa
  3862 | D:4      | Reached skill level 5 in Long Blades
  3862 | D:4      | Reached XP level 7. HP: 42/60 MP: 7/7
  3875 | D:4      | Killed Dowan
  3875 | D:4      | Reached skill level 1 in Stealth
  3991 | D:4      | Reached skill level 5 in Shields
  4246 | D:4      | Reached skill level 5 in Fighting
  4518 | D:5      | Entered Level 5 of the Dungeon
  4726 | D:5      | Reached XP level 8. HP: 67/69 MP: 8/8
  4922 | D:5      | Noticed Grinder
  4939 | D:5      | Paralysed by Grinder for 4 turns
  4966 | D:5      | HP: 1/69 [Grinder (5)]
  4967 | D:5      | Killed Grinder
  4967 | D:5      | Reached skill level 6 in Long Blades
  6341 | D:6      | Reached skill level 7 in Long Blades
  6690 | D:6      | Reached XP level 9. HP: 70/75 MP: 9/9
  6749 | D:6      | Killed from afar by an orc priest

Illustrated notes

Levels and vault maps discovered:
D:1:      dpeg_arrival_concentric_ovals, layout_rooms, minmay_tromino_mix6
D:2:      cheibrodos_greedy_goblins, layout_basic, first_ration,
          minmay_fractal_squares_gapless_5, uniq_natasha
D:3:      layout_basic, minmay_misc_feat_more_columns
D:4:      layout_rooms, minmay_temple_entry_stoned_glass, uniq_duvessa
D:5:      layout_gridville, uniq_grinder
D:6:      layout_layer_cave
Temple:   eino_temple_scatter_basement

Skill      XL: |  1  2  3  4  5  6  7  8 |
---------------+-------------------------+-----
Fighting       | 4 5 6 |  6.2
Long Blades    | 3 4 5 7 |  7.3
Armour         | 4 5 6 |  6.3
Shields        | 4 5 6 |  6.3
Dodging        | 1 2 |  2.4
Stealth        | 1 |  1.5
Throwing       | |  0.2

Action                   |  1- 3 |  4- 6 |  7- 9 || total
-------------------------+-------+-------+-------++-------
Melee: Long sword        |   111 |   238 |   276 ||   625
Throw: Stone             |       |     7 |     2 ||     9
       Javelin           |       |       |     3 ||     3
  Use: Scroll            |       |     9 |     4 ||    13
       Potion            |       |       |     5 ||     5
  Eat: Chunk             |     1 |     9 |    10 ||    20
Armor: Scale mail        |    71 |    78 |       ||   149
       Chain mail        |       |    27 |   132 ||   159
Dodge: Dodged            |    42 |    63 |    63 ||   168
Block: Kite shield       |    69 |   112 |   155 ||   336
       Rpst.: Long sword |    15 |    16 |    24 ||    55
